[Event "Titled Tuesday Blitz July 11 Late 2023"]
[White "brm72"]
[Black "Fajdetic, Hrvoje"]
[BlackFideId "14501945"]
[WhiteElo "2531"]
[BlackElo "2349"]
[Result "1-0"]
[Round "8"]
[TimeControl "180+2"]
[Date "2023.07.11"]
[WhiteClock "0:00:48"]
[BlackClock "0:00:00"]
[Board "77"]

1. e4 c5 2. Nf3 a6 3. c3 d5 4. exd5 Qxd5 5. d4 Bg4 6. Be2 e6 7. h3 Bh5 8. O-O Nf6 9. Be3 Nbd7 10. Na3 cxd4 11. cxd4 Bxa3 12. bxa3 O-O 13. Rc1 Rac8 14. Qb3 b5 15. a4 Qxb3 16. axb3 bxa4 17. bxa4 Nb6 18. a5 Nbd5 19. g4 Bg6 20. Ne5 Nc3 21. Bxa6 Ra8 22. Bb7 Ne2+ 23. Kh2 Rxa5 24. Rc4 Nd5 25. Re1 Ra2 26. Bxd5 exd5 27. Rc7 Be4 28. g5 f6 29. Nd7 1-0


[Site "https://www.chess.com"]

[Event "Titled Tuesday Blitz July 11 Late 2023"]
[White "Janaszak, Dawid"]
[Black "kiwibobo"]
[WhiteFideId "1119206"]
[WhiteElo "2530"]
[BlackElo "2348"]
[Result "1-0"]
[Round "8"]
[TimeControl "180+2"]
[Date "2023.07.11"]
[WhiteClock "0:00:38"]
[BlackClock "0:00:33"]
[Board "78"]

1. d4 Nf6 2. Nc3 d5 3. Bf4 g6 4. Nb5 Na6 5. e3 Bg7 6. h4 h5 7. Nf3 O-O 8. Ne5 c6 9. Nc3 Nc7 10. f3 Ne6 11. Bh2 c5 12. Qd2 cxd4 13. exd4 Qb6 14. O-O-O Qa5 15. Kb1 b5 16. Nxd5 Qxd2 17. Nxe7+ Kh7 18. Rxd2 a6 19. Nxc8 Raxc8 20. Be2 Rfd8 21. c3 Kg8 22. a4 bxa4 23. Bxa6 Ra8 24. Bc4 Nd5 25. Nc6 Ne3 26. Bxe6 fxe6 27. Nxd8 Rxd8 28. Re2 Nd5 29. Rxe6 Kf7 30. Ra6 Re8 31. Rc1 Re2 32. Rc2 Re1+ 33. Rc1 Re2 34. Rxa4 Rxg2 35. Be5 Bxe5 36. dxe5 Nb6 37. e6+ Ke7 38. Ra7+ Ke8 39. Re1 Nc4 40. e7 Rxb2+ 41. Ka1 Rb8 42. Ra6 Nd2 43. Rxg6 Nb3+ 44. Ka2 1-0


[Site "https://www.chess.com"]

[Event "Titled Tuesday Blitz July 11 Late 2023"]
[White "Al Mukhaini, Shima"]
[Black "Yeritsyan, Hayk"]
[WhiteFideId "22005854"]
[BlackFideId "13307320"]
[WhiteElo "2335"]
[BlackElo "2525"]
[Result "1-0"]
[Round "8"]
[TimeControl "180+2"]
[Date "2023.07.11"]
[WhiteClock "0:01:59"]
[BlackClock "0:01:43"]
[Board "79"]

1. b3 d5 2. Bb2 Nf6 3. e3 Bf5 4. f4 e6 5. Be2 h6 6. Bf3 Be7 7. d3 c6 8. Nd2 O-O 9. g4 Bh7 10. h4 Qb6 11. Qe2 Nfd7 12. g5 hxg5 13. hxg5 e5 14. Qh2 Qxe3+ 15. Ne2 f6 16. Qxh7+ Kf7 17. Bh5+ Ke6 18. Rh3 Qc5 19. fxe5 Na6 20. Bg4+ f5 21. Qg6+ Bf6 22. Qxf5+ Ke7 23. Qxd7# 1-0


[Site "https://www.chess.com"]

[Event "Titled Tuesday Blitz July 11 Late 2023"]
[White "Santos Flores, Alberto"]
[Black "Harish, Neeraj"]
[WhiteFideId "3601234"]
[BlackFideId "30958130"]
[WhiteElo "2524"]
[BlackElo "2311"]
[Result "1-0"]
[Round "8"]
[TimeControl "180+2"]
[Date "2023.07.11"]
[WhiteClock "0:01:14"]
[BlackClock "0:00:09"]
[Board "80"]

1. e4 c5 2. Nf3 Nc6 3. Nc3 e5 4. Bc4 g6 5. d3 h6 6. Nd2 Bg7 7. Nf1 Nge7 8. h4 O-O 9. h5 g5 10. g4 d6 11. Ng3 Kh7 12. Nd5 Nxd5 13. Bxd5 Nd4 14. c3 Ne6 15. Nf5 Nf4 16. Bxf4 exf4 17. Qb3 Bxf5 18. gxf5 Qf6 19. f3 Rae8 20. O-O-O b6 21. d4 cxd4 22. cxd4 Rc8+ 23. Kb1 Kh8 24. Rhe1 Rc7 25. Qd3 Qd8 26. e5 dxe5 27. dxe5 f6 28. e6 Re8 29. Bb3 Qxd3+ 30. Rxd3 Bf8 31. Ba4 Ree7 32. Red1 Kg7 33. Bd7 Kh7 34. Rc1 Rxc1+ 35. Kxc1 Rg7 36. Rc3 a5 37. Rc8 Bc5 38. Be8 Re7 39. Bg6+ Kg7 40. Kc2 Be3 41. Kd3 Bf2 42. Bf7 Bg1 43. Rg8+ Kh7 44. Rg6 Bc5 45. Rxf6 Bd6 46. Rg6 Be5 47. f6 Rc7 48. e7 Rd7+ 49. Ke2 1-0


[Site "https://www.chess.com"]

[Event "Titled Tuesday Blitz July 11 Late 2023"]
[White "Womacka, Mathias"]
[Black "Cooper, Aaron"]
[WhiteFideId "4611390"]
[BlackFideId "2634945"]
[WhiteElo "2510"]
[BlackElo "2262"]
[Result "1-0"]
[Round "8"]
[TimeControl "180+2"]
[Date "2023.07.11"]
[WhiteClock "0:00:32"]
[BlackClock "0:00:06"]
[Board "81"]

1. e4 c5 2. Nf3 d6 3. d4 cxd4 4. Nxd4 Nf6 5. Nc3 g6 6. Be3 Nc6 7. f3 h5 8. Qd2 Nxd4 9. Bxd4 Bh6 10. Be3 Bxe3 11. Qxe3 Be6 12. O-O-O Qa5 13. Bb5+ Kf8 14. Ba4 Rc8 15. Bb3 Kg7 16. Kb1 Rc5 17. Nd5 Nxd5 18. exd5 Bf5 19. Qxe7 Rhc8 20. Qxd6 Rxc2 21. Bxc2 Rxc2 22. Qe5+ Kh7 23. Ka1 Rxg2 24. f4 Bc2 25. Rc1 Bb3 26. a3 Qxd5 27. Qf6 Bc2 28. Rhe1 b5 29. Re8 b4 30. Rh8# 1-0


[Site "https://www.chess.com"]

[Event "Titled Tuesday Blitz July 11 Late 2023"]
[White "Schnaider, Ilan"]
[Black "Ncatt"]
[WhiteFideId "169013"]
[WhiteElo "2633"]
[BlackElo "2411"]
[Result "1-0"]
[Round "8"]
[TimeControl "180+2"]
[Date "2023.07.11"]
[WhiteClock "0:00:42"]
[BlackClock "0:00:16"]
[Board "82"]

1. e4 c5 2. Nf3 Nc6 3. d4 cxd4 4. Nxd4 Nf6 5. Nc3 e6 6. Ndb5 Bc5 7. Nd6+ Ke7 8. Bf4 e5 9. Nf5+ Kf8 10. Bg5 d6 11. Bc4 h6 12. Bxf6 Qxf6 13. Nd5 Qg5 14. Nde3 g6 15. Ng3 Kg7 16. Qf3 Rf8 17. c3 f5 18. exf5 gxf5 19. h4 Qg6 20. O-O-O f4 21. Bd3 fxg3 22. Qxf8+ Kxf8 23. Bxg6 gxf2 24. Nc4 Bg4 25. Rd2 Kg7 26. Be4 Rf8 27. Rf1 Ne7 28. b4 Be6 29. bxc5 Bxc4 30. Rfxf2 d5 31. Rxf8 Kxf8 32. Bd3 Bxd3 33. Rxd3 Kf7 34. Kd2 Ke6 35. Rg3 Nf5 36. Rg8 Nxh4 37. Rb8 Nxg2 38. Rxb7 Nf4 39. Rh7 d4 40. cxd4 exd4 41. c6 Nd5 42. c7 Nb6 43. Rxh6+ Kd7 44. Rh7+ Kc8 45. Kd3 Nd5 46. Kxd4 Nxc7 47. Kc5 Ne6+ 48. Kd6 Nd4 49. a4 Kb8 50. a5 Kc8 51. a6 Kb8 52. Rh8# 1-0


[Site "https://www.chess.com"]

[Event "Titled Tuesday Blitz July 11 Late 2023"]
[White "Vlassov, Nikolai"]
[Black "Mikhalsky, Vladimir"]
[WhiteFideId "4103360"]
[BlackFideId "14144352"]
[WhiteElo "2567"]
[BlackElo "2403"]
[Result "1-0"]
[Round "8"]
[TimeControl "180+2"]
[Date "2023.07.11"]
[WhiteClock "0:00:07"]
[BlackClock "0:00:00"]
[Board "83"]

1. e4 g6 2. Nc3 Bg7 3. h4 c5 4. h5 Nc6 5. Bc4 Ne5 6. Be2 e6 7. d3 d5 8. h6 Bf6 9. f4 Nc6 10. e5 Bh4+ 11. Kf1 Nxh6 12. g3 Nf5 13. gxh4 Ng3+ 14. Kg2 Nxh1 15. Nf3 Nd4 16. Nxd4 cxd4 17. Nb5 Nf2 18. Kxf2 Qxh4+ 19. Kg2 O-O 20. Bd2 f6 21. Qh1 Qxh1+ 22. Rxh1 Bd7 23. Nxd4 Rac8 24. Bb4 Rf7 25. Bd6 f5 26. Bf3 Rg7 27. Kf2 Kf7 28. b3 b6 29. a4 a5 30. Ke3 Rh8 31. Rh6 Rc8 32. c4 dxc4 33. dxc4 Kg8 34. Nb5 g5 35. fxg5 Rxg5 36. Nc7 Rg1 37. Nxe6 Rb1 38. Nd4 Re1+ 39. Kf4 Bxa4 40. Nxf5 Kh8 41. bxa4 Rxc4+ 42. Kg5 Rg1+ 43. Kf6 Rf1 44. Bd5 Rcf4 45. Rh5 Rd4 46. Bf7 Rxa4 47. Rg5 h6 48. Rg8+ Kh7 49. Rg7+ Kh8 50. Bg6 Rxf5+ 51. Bxf5 Rf4 52. Rh7+ 1-0


[Site "https://www.chess.com"]

[Event "Titled Tuesday Blitz July 11 Late 2023"]
[White "only_strong_moves"]
[Black "Toktomushev, Teimur"]
[BlackFideId "14176726"]
[WhiteElo "2536"]
[BlackElo "2395"]
[Result "1-0"]
[Round "8"]
[TimeControl "180+2"]
[Date "2023.07.11"]
[WhiteClock "0:01:08"]
[BlackClock "0:00:00"]
[Board "84"]

1. d4 d5 2. Nc3 Nf6 3. Bf4 a6 4. e3 c5 5. dxc5 Nc6 6. Nf3 Bg4 7. Be2 e6 8. Na4 Bxc5 9. Nxc5 Qa5+ 10. c3 Qxc5 11. O-O O-O 12. Ne5 Bxe2 13. Qxe2 Nxe5 14. Bxe5 Nd7 15. Bd4 Qe7 16. c4 e5 17. Bc3 Nb6 18. cxd5 Nxd5 19. Bd2 Rac8 20. Rac1 e4 21. Rc4 Rfd8 22. Rfc1 Rxc4 23. Rxc4 h6 24. h3 Qe6 25. b3 Rc8 26. Bc1 b5 27. Rxc8+ Qxc8 28. Bb2 Nb4 29. Bd4 Nd3 30. f3 Nc1 31. Qe1 Nd3 32. Qg3 g6 33. fxe4 Qc1+ 34. Kh2 Qe1 35. Qb8+ 1-0


[Site "https://www.chess.com"]

[Event "Titled Tuesday Blitz July 11 Late 2023"]
[White "Graif, William"]
[Black "Buchenau, Frank"]
[WhiteFideId "2609835"]
[BlackFideId "4604350"]
[WhiteElo "2531"]
[BlackElo "2393"]
[Result "0-1"]
[Round "8"]
[TimeControl "180+2"]
[Date "2023.07.11"]
[WhiteClock "0:00:00"]
[BlackClock "0:00:42"]
[Board "85"]

1. e4 e6 2. d4 d5 3. Be3 dxe4 4. f3 f5 5. Nd2 Nf6 6. fxe4 fxe4 7. Nh3 Bd6 8. Bc4 O-O 9. Ng5 Nd5 10. Qh5 h6 11. Nxe6 Bxe6 12. Bxd5 Bg3+ 13. hxg3 Qxd5 14. Qxd5 Bxd5 15. c4 Bf7 16. Rh4 Bg6 17. Rg4 Bf5 18. Rf4 Nc6 19. Ke2 g5 20. Rxf5 Rxf5 21. g4 Rf7 22. a3 Re8 23. Rf1 Rxf1 24. Nxf1 Rd8 25. d5 Ne5 26. b3 Nxg4 27. Bd4 b6 28. Ng3 Re8 29. Nf5 Kf7 30. d6 Kg6 31. Ne7+ Kf7 32. d7 Rd8 33. Nc6 Rxd7 34. Bg1 a5 0-1


[Site "https://www.chess.com"]

[Event "Titled Tuesday Blitz July 11 Late 2023"]
[White "Palencia Morales, Wilson Guillermo"]
[Black "Carrasco Miranda, Andres"]
[WhiteFideId "4401859"]
[BlackFideId "3405990"]
[WhiteElo "2520"]
[BlackElo "2392"]
[Result "1-0"]
[Round "8"]
[TimeControl "180+2"]
[Date "2023.07.11"]
[WhiteClock "0:00:03"]
[BlackClock "0:00:00"]
[Board "86"]

1. e4 e5 2. Nf3 Nc6 3. Bb5 Nf6 4. O-O Nxe4 5. d4 Nd6 6. Bxc6 dxc6 7. dxe5 Nf5 8. Qxd8+ Kxd8 9. h3 h5 10. Nc3 Ke8 11. Bg5 Be6 12. Rad1 Bb4 13. Bd2 Rd8 14. a3 Bxc3 15. Bxc3 h4 16. Ng5 Rh6 17. Rxd8+ Kxd8 18. Rd1+ Kc8 19. Bd2 b6 20. Nxf7 Bxf7 21. Bxh6 Nxh6 22. g4 hxg3 23. fxg3 Nf5 24. Kf2 c5 25. c3 Be6 26. g4 Ne7 27. Kg3 Ng6 28. Re1 Kd7 29. h4 Ke7 30. h5 Nf8 31. g5 Bf5 32. Kf4 Bc2 33. Kg4 a5 34. Rf1 Nd7 35. Re1 Ke6 36. g6 a4 37. Kg5 Ke7 38. h6 gxh6+ 39. Kxh6 Bf5 40. g7 Be6 41. Kh7 Nb8 42. g8=Q Bxg8+ 43. Kxg8 Ke6 44. Kg7 Nc6 45. Rf1 Nxe5 46. Kh6 Nd3 47. Rb1 Kd5 48. Kg5 Kc4 49. Kf5 Kb3 50. Ke4 Nxb2 51. Kd5 Kxc3 52. Kc6 Nc4 53. Kxc7 1-0


[Site "https://www.chess.com"]

[Event "Titled Tuesday Blitz July 11 Late 2023"]
[White "Thorfinnsson, Bragi"]
[Black "ArturoCaceres"]
[WhiteFideId "2300958"]
[WhiteElo "2518"]
[BlackElo "2381"]
[Result "0-1"]
[Round "8"]
[TimeControl "180+2"]
[Date "2023.07.11"]
[WhiteClock "0:01:07"]
[BlackClock "0:00:05"]
[Board "87"]

1. e4 c5 2. Nf3 Nc6 3. Bb5 g6 4. O-O Bg7 5. Re1 e5 6. Bxc6 bxc6 7. d3 Ne7 8. Be3 d6 9. Qc1 f6 10. a3 a5 11. a4 g5 12. Na3 Be6 13. Nc4 Ng6 14. g3 h5 15. Nxg5 fxg5 16. Bxg5 Qc7 17. h4 O-O 18. Ne3 Qd7 19. Nd1 Bg4 20. Qd2 Bf3 21. Ne3 Qh3 22. c3 Nf4 23. b4 axb4 24. cxb4 d5 25. exd5 cxd5 26. Qa2 Kh8 0-1


[Site "https://www.chess.com"]

[Event "Titled Tuesday Blitz July 11 Late 2023"]
[White "D`Arruda, Ricardo D."]
[Black "dodoucb"]
[WhiteFideId "100692"]
[WhiteElo "2517"]
[BlackElo "2379"]
[Result "0-1"]
[Round "8"]
[TimeControl "180+2"]
[Date "2023.07.11"]
[WhiteClock "0:01:04"]
[BlackClock "0:01:28"]
[Board "88"]

1. d4 d5 2. Nf3 Nf6 3. c4 c6 4. Nc3 dxc4 5. a4 Bf5 6. e3 e6 7. Bxc4 Bb4 8. O-O Nbd7 9. Nh4 Bg4 10. Be2 Bxe2 11. Qxe2 O-O 12. Nf3 Re8 13. Rd1 Qe7 14. e4 e5 15. dxe5 Nxe5 16. Nxe5 Qxe5 17. f4 Qe6 18. e5 Bc5+ 19. Be3 Bxe3+ 20. Qxe3 Ng4 21. Qe4 Qb3 22. Rd2 Qb6+ 23. Qd4 Ne3 24. Qxb6 axb6 25. b3 Red8 26. Rxd8+ Rxd8 27. Kf2 Rd3 28. Rc1 Rxc3 29. Rxc3 Nd1+ 30. Ke2 Nxc3+ 31. Kd3 Nd5 32. g3 f6 0-1


[Site "https://www.chess.com"]

[Event "Titled Tuesday Blitz July 11 Late 2023"]
[White "Bilan, Danila"]
[Black "EsmeraldasAnderson03"]
[WhiteFideId "24161918"]
[WhiteElo "2511"]
[BlackElo "2376"]
[Result "1/2-1/2"]
[Round "8"]
[TimeControl "180+2"]
[Date "2023.07.11"]
[WhiteClock "0:00:03"]
[BlackClock "0:00:06"]
[Board "89"]

1. d4 d5 2. Nf3 Nf6 3. c4 dxc4 4. e3 a6 5. Bxc4 c5 6. dxc5 Qxd1+ 7. Kxd1 e6 8. a3 Bxc5 9. b4 Be7 10. Bb2 b5 11. Bd3 Bb7 12. Nbd2 Nbd7 13. Nb3 Rc8 14. Ke2 Nb6 15. Na5 Bd5 16. Bd4 Nc4 17. Nxc4 Bxc4 18. Rhc1 Bxd3+ 19. Kxd3 O-O 20. Ne5 Nd5 21. Nc6 Bd6 22. g3 f5 23. Rc2 Rc7 24. Rac1 Rd7 25. Ke2 Nf6 26. Na5 Ne4 27. f3 Ng5 28. Rc6 e5 29. Ba1 e4 30. f4 Nf3 31. Rd1 Rfd8 32. Nb3 Be7 33. Rxd7 Rxd7 34. Nd4 Bf6 35. Rxa6 Bxd4 36. Bxd4 Nxd4+ 37. exd4 Rxd4 38. Rb6 Rd3 39. Rxb5 Rxa3 40. Rxf5 Ra2+ 41. Ke3 Rxh2 42. Kxe4 Rb2 43. Kd4 Rxb4+ 44. Ke3 Rb8 45. Kf3 h6 46. Kg4 Rb3 47. Rc5 Rb6 48. Kf5 Kh7 49. Re5 Rf6+ 50. Kg4 Rg6+ 51. Kf3 Ra6 52. Re3 Ra4 53. Rd3 Ra1 54. Kg4 Rg1 55. Rd7 Kg6 56. Rd6+ Kh7 57. Rd7 Rf1 58. Rc7 Rf2 59. Rc3 Kg6 60. Rd3 h5+ 61. Kh3 Kh6 62. Rd6+ g6 63. Ra6 Rf1 64. Kg2 Ra1 65. Re6 Ra2+ 66. Kh3 Ra5 67. Kg2 Rf5 68. Kf3 Rf8 69. Ke4 Rf7 70. Ke5 Rf5+ 71. Ke4 Rf8 72. Kf3 Rf5 73. Kg2 h4 74. Kf3 hxg3 75. Kxg3 Ra5 76. Kg4 Rf5 77. Re7 Rf8 78. Rd7 Rf5 79. Rd8 Rb5 80. Rh8+ Kg7 81. Ra8 Kh6 82. Ra3 Kg7 83. Rh3 Ra5 84. Rc3 Rd5 85. Rc7+ Kh6 86. Re7 Rh5 87. Re5 Rh1 88. Re8 Rg1+ 89. Kf3 Ra1 90. Kg4 Rg1+ 91. Kf3 Ra1 92. Kg3 Rg1+ 93. Kh2 Rg4 94. Re4 g5 95. fxg5+ Kxg5 96. Rxg4+ Kxg4 1/2-1/2


[Site "https://www.chess.com"]

[Event "Titled Tuesday Blitz July 11 Late 2023"]
[White "Dragomirescu, Robin-Alexandru"]
[Black "Slovineanu, Viacheslav"]
[WhiteFideId "1213849"]
[BlackFideId "13900510"]
[WhiteElo "2498"]
[BlackElo "2374"]
[Result "0-1"]
[Round "8"]
[TimeControl "180+2"]
[Date "2023.07.11"]
[WhiteClock "0:01:44"]
[BlackClock "0:00:53"]
[Board "90"]

1. b3 d5 2. Bb2 Nf6 3. e3 e6 4. Nf3 Be7 5. c4 c5 6. cxd5 exd5 7. Bb5+ Nbd7 8. h3 O-O 9. O-O a6 10. Be2 b5 11. d4 c4 12. Ne5 Bb7 13. a4 Nxe5 14. dxe5 Nd7 15. bxc4 dxc4 16. Bf3 Bxf3 17. Qxf3 b4 18. Bd4 Qc7 19. Nd2 c3 20. Ne4 Nxe5 21. Qg3 f6 22. Rfd1 c2 23. Rdc1 b3 24. Nd2 Rab8 25. Bb2 Bd6 26. Ne4 Nc4 27. Nxd6 Qxd6 28. Qxd6 Nxd6 0-1


[Site "https://www.chess.com"]

[Event "Titled Tuesday Blitz July 11 Late 2023"]
[White "Bogaudinov, Rushan"]
[Black "WindWhistler11"]
[WhiteFideId "4129288"]
[WhiteElo "2374"]
[BlackElo "2479"]
[Result "1-0"]
[Round "8"]
[TimeControl "180+2"]
[Date "2023.07.11"]
[WhiteClock "0:00:20"]
[BlackClock "0:00:00"]
[Board "91"]

1. d4 f5 2. e4 d6 3. Nc3 g6 4. h4 h6 5. Bd3 Nc6 6. h5 g5 7. d5 Ne5 8. exf5 Qd7 9. g4 Nf6 10. f3 c6 11. Be4 Bg7 12. Nge2 O-O 13. O-O Qc7 14. Be3 c5 15. b3 b6 16. Nb5 Qd7 17. c4 a6 18. Nbc3 b5 19. Bd3 bxc4 20. Bxc4 a5 21. Rc1 Ba6 22. Bxa6 Rxa6 23. Qd2 Rb8 24. Kg2 Rb4 25. Ng3 Qb7 26. Rh1 Ra8 27. Bxg5 Nexg4 28. fxg4 hxg5 29. h6 1-0


[Site "https://www.chess.com"]

[Event "Titled Tuesday Blitz July 11 Late 2023"]
[White "Novikov, Evgenij"]
[Black "Dubreuil, Julien"]
[WhiteFideId "4125380"]
[BlackFideId "621285"]
[WhiteElo "2478"]
[BlackElo "2366"]
[Result "0-1"]
[Round "8"]
[TimeControl "180+2"]
[Date "2023.07.11"]
[WhiteClock "0:00:00"]
[BlackClock "0:00:32"]
[Board "92"]

1. e4 c5 2. Nc3 Nc6 3. Bb5 Na5 4. a4 a6 5. Be2 Nc6 6. f4 g6 7. Nf3 Bg7 8. Bc4 e6 9. O-O Nge7 10. f5 d5 11. fxe6 fxe6 12. Ba2 O-O 13. d3 Nd4 14. Bg5 Qd6 15. Bxe7 Qxe7 16. exd5 Kh8 17. Ne4 exd5 18. Bxd5 Bg4 19. Ned2 Rad8 20. Be4 c4 21. h3 Bf5 22. Bxf5 Nxf5 23. Nxc4 Qc5+ 24. Kh2 b5 25. axb5 axb5 26. Ncd2 Ne3 27. Qc1 Nxf1+ 28. Qxf1 Qxc2 29. Ra7 Qxd3 30. Qg1 Bxb2 31. Ng5 Bd4 32. Rxh7+ Kg8 33. Qe1 Be3 34. Qh4 Bf4+ 35. Kh1 Qb1+ 0-1


[Site "https://www.chess.com"]

[Event "Titled Tuesday Blitz July 11 Late 2023"]
[White "Yurasova, Daria"]
[Black "Spichkin, Alexander"]
[WhiteFideId "34146919"]
[BlackFideId "4144074"]
[WhiteElo "2474"]
[BlackElo "2361"]
[Result "1-0"]
[Round "8"]
[TimeControl "180+2"]
[Date "2023.07.11"]
[WhiteClock "0:00:35"]
[BlackClock "0:00:38"]
[Board "93"]

1. d4 e6 2. Nf3 f5 3. Bg5 Be7 4. Bxe7 Qxe7 5. e3 Nf6 6. Bd3 b6 7. Nbd2 Bb7 8. c4 O-O 9. Qc2 d5 10. O-O c6 11. cxd5 cxd5 12. Rac1 Nc6 13. Bb5 Rac8 14. Bxc6 Rxc6 15. Qd3 Rfc8 16. Rxc6 Rxc6 17. Ne5 Rc8 18. h3 Nd7 19. Nxd7 Qxd7 20. Nf3 Qa4 21. Re1 Qxa2 22. Qb5 Qc4 23. Qd7 Qc6 24. Qe7 Re8 25. Qg5 h6 26. Qg6 Re7 27. Ne5 Qc2 28. Ra1 a5 29. Rf1 Qxb2 30. f4 a4 31. Nd7 Rf7 32. Ne5 Rf6 33. Qe8+ Kh7 34. Nd7 Ba6 35. Nxf6+ gxf6 36. Qf7+ Kh8 37. Qxf6+ Kh7 38. Rf3 Qc1+ 39. Kh2 Be2 40. Qf7+ Kh8 41. Rg3 Bg4 42. hxg4 1-0


[Site "https://www.chess.com"]

[Event "Titled Tuesday Blitz July 11 Late 2023"]
[White "Reprintsev, Alexander"]
[Black "Garmendiarov"]
[WhiteFideId "14100541"]
[WhiteElo "2474"]
[BlackElo "2353"]
[Result "0-1"]
[Round "8"]
[TimeControl "180+2"]
[Date "2023.07.11"]
[WhiteClock "0:00:00"]
[BlackClock "0:00:07"]
[Board "94"]

1. e4 c5 2. b3 Nf6 3. e5 Nd5 4. Nc3 Nxc3 5. dxc3 Nc6 6. Nf3 g6 7. Bc4 Bg7 8. O-O O-O 9. Bf4 a6 10. a4 Qc7 11. Qd2 Nxe5 12. Nxe5 Bxe5 13. Bxe5 Qxe5 14. Rfe1 Qf6 15. Qe3 e6 16. Qxc5 Qxc3 17. Qd6 b5 18. axb5 axb5 19. Rxa8 Qxe1+ 20. Bf1 Qc3 21. Bxb5 Qxc2 22. b4 Qe4 23. Rb8 Qb1+ 24. Bf1 Qc1 25. h4 Qc6 26. Qe7 Qc7 27. Rb5 Bb7 28. h5 Bc6 29. Rc5 Qd8 30. Qd6 Qb8 31. Qd4 Rc8 32. h6 Kf8 33. Qg7+ Ke7 34. Qxh7 Rh8 35. Qg7 Qg8 36. Qd4 Rxh6 37. f3 Qh8 38. Qf4 Rh1+ 39. Kf2 Qh4+ 40. Qxh4+ Rxh4 41. b5 Bb7 42. Rc7 Bd5 43. g4 Rh2+ 44. Bg2 Rh8 45. f4 Bxg2 46. Kxg2 Rb8 47. Rc5 Kd6 48. Re5 f6 49. Re3 Rxb5 50. Rd3+ Rd5 51. Re3 g5 52. Kg3 gxf4+ 53. Kxf4 Rd4+ 54. Kf3 f5 55. Ra3 Rxg4 56. Rd3+ Ke5 57. Ra3 Kf6 58. Ra8 d5 59. Rf8+ Ke5 60. Ra8 Rh4 61. Kf2 Rh3 62. Ra2 Rc3 63. Re2+ Kf4 64. Ra2 e5 65. Ke2 e4 66. Ra5 d4 67. Kd2 e3+ 68. Ke2 Rc2+ 69. Kd1 d3 70. Ra4+ Kf3 71. Rh4 f4 72. Rh3+ Ke4 73. Rh8 Ra2 74. Kc1 d2+ 75. Kb1 Rc2 76. Kxc2 Kf3 77. Kd1 Kf2 78. Rh2+ Kg1 79. Rh3 Kg2 80. Rh4 f3 81. Re4 Kf2 82. Re6 e2+ 83. Kxd2 Kf1 84. Re3 Kf2 85. Re4 Kg2 0-1


[Site "https://www.chess.com"]

[Event "Titled Tuesday Blitz July 11 Late 2023"]
[White "Estrada Nieto, Julian"]
[Black "Schuster, Karsten"]
[WhiteFideId "5101018"]
[BlackFideId "4611071"]
[WhiteElo "2459"]
[BlackElo "2346"]
[Result "1-0"]
[Round "8"]
[TimeControl "180+2"]
[Date "2023.07.11"]
[WhiteClock "0:00:06"]
[BlackClock "0:00:10"]
[Board "95"]

1. e4 d5 2. exd5 Qxd5 3. Nc3 Qd6 4. d4 c6 5. Nf3 Bg4 6. Be3 Nf6 7. h3 Bh5 8. g4 Bg6 9. Ne5 Nbd7 10. f4 Be4 11. Rg1 Bd5 12. Bd3 g6 13. Qe2 Bg7 14. O-O-O Nb6 15. f5 Nfd7 16. Bf4 Qb4 17. Qe3 Nxe5 18. Bxe5 Bxe5 19. Qxe5 f6 20. Qc7 Qd6 21. Qxd6 exd6 22. fxg6 hxg6 23. Bxg6+ Kf8 24. Rg3 Kg7 25. Bh5 Bc4 26. b3 Ba6 27. Ne4 d5 28. Nd6 Rhd8 29. Nf5+ Kh8 30. Re1 Rd7 31. Re6 Rf8 32. Rge3 Bf1 33. h4 Bg2 34. Ne7 Be4 35. Bg6 Rxe7 36. Rxe7 Bxg6 37. Rxb7 Kg8 38. Rxa7 Re8 39. Rxe8+ Bxe8 40. Rb7 Nd7 41. Rc7 Nf8 42. a4 Ne6 43. Rc8 Kf7 44. c3 Bd7 45. Rb8 Nf4 46. Kd2 Ng2 47. a5 Nxh4 48. a6 Nf3+ 49. Ke3 Ng5 50. a7 Ne4 51. a8=Q Nxc3 52. Rf8+ Kg6 53. Qd8 Bxg4 54. Qxf6+ Kh5 55. Rh8# 1-0


[Site "https://www.chess.com"]

[Event "Titled Tuesday Blitz July 11 Late 2023"]
[White "SergioMoralesG"]
[Black "Kostiukov, Alexandr"]
[BlackFideId "14108100"]
[WhiteElo "2451"]
[BlackElo "2327"]
[Result "0-1"]
[Round "8"]
[TimeControl "180+2"]
[Date "2023.07.11"]
[WhiteClock "0:00:02"]
[BlackClock "0:00:50"]
[Board "96"]

1. e4 c5 2. Nf3 g6 3. g3 Bg7 4. Bg2 Nc6 5. c3 e5 6. O-O Nge7 7. d3 O-O 8. Be3 d6 9. d4 exd4 10. cxd4 Bg4 11. d5 Ne5 12. Nbd2 f5 13. Qc2 Nxf3+ 14. Bxf3 Bh3 15. Rfe1 fxe4 16. Bxe4 Nf5 17. Bg2 Bxg2 18. Kxg2 Nxe3+ 19. Rxe3 Qf6 20. Rf3 Qd4 21. Re1 Rxf3 22. Nxf3 Qxd5 23. Rd1 Bd4 0-1


[Site "https://www.chess.com"]

[Event "Titled Tuesday Blitz July 11 Late 2023"]
[White "Rubio Tent, Francisco"]
[Black "Da Matta, Eduardo Cesar"]
[WhiteFideId "2238233"]
[BlackFideId "2193108"]
[WhiteElo "2451"]
[BlackElo "2321"]
[Result "1-0"]
[Round "8"]
[TimeControl "180+2"]
[Date "2023.07.11"]
[WhiteClock "0:00:04"]
[BlackClock "0:00:00"]
[Board "97"]

1. e4 c5 2. Nf3 d6 3. c3 Nf6 4. Be2 Nc6 5. d4 Bd7 6. e5 Nd5 7. dxc5 Be6 8. cxd6 exd6 9. exd6 Bxd6 10. O-O O-O 11. Nbd2 Bc7 12. Ne4 h6 13. Nc5 Bf5 14. Nxb7 Qd7 15. Nc5 Qd6 16. Nb3 Rad8 17. c4 Nf4 18. Bxf4 Qxf4 19. Qc1 Qe4 20. Re1 Bg4 21. Qe3 Qg6 22. Nh4 Qh5 23. Bxg4 Qxg4 24. g3 Rfe8 25. Qf3 Qxc4 26. Rxe8+ Rxe8 27. Rc1 Qxc1+ 28. Nxc1 Re1+ 29. Kg2 Rxc1 30. Qe3 Rc4 31. b3 Rc2 32. Nf5 Bb6 33. Qe8+ Kh7 34. Qxf7 Rxf2+ 35. Kh3 Bd4 36. Qe6 Nd8 37. Qe4 Bf6 38. Ne7+ Kh8 39. Ng6+ Kg8 40. Qe8+ Kh7 41. Nf4 Rd2 42. Qg6+ Kg8 43. Qe8+ Kh7 44. Nh5 Bg5 45. Qe4+ Kg8 46. Qe5 Rd7 47. Qe8+ 1-0


[Site "https://www.chess.com"]

[Event "Titled Tuesday Blitz July 11 Late 2023"]
[White "Matt, Fabian"]
[Black "Antonio, Jorge Carlos"]
[WhiteFideId "1623303"]
[BlackFideId "113190"]
[WhiteElo "2447"]
[BlackElo "2306"]
[Result "0-1"]
[Round "8"]
[TimeControl "180+2"]
[Date "2023.07.11"]
[WhiteClock "0:00:05"]
[BlackClock "0:00:44"]
[Board "98"]

1. d4 d5 2. c4 c6 3. Nf3 Nf6 4. e3 Bg4 5. Nc3 e6 6. Qb3 Qb6 7. Ne5 Bf5 8. Qxb6 axb6 9. Bd2 Nbd7 10. f4 Ne4 11. g4 Bg6 12. Nxg6 hxg6 13. Nxe4 dxe4 14. g5 f6 15. h4 f5 16. Be2 c5 17. h5 gxh5 18. Rxh5 Rxh5 19. Bxh5+ Ke7 20. a3 cxd4 21. exd4 Kd8 22. Kf2 Bd6 23. Rh1 Nf8 24. Be2 Kd7 25. Be3 Ng6 26. Kg3 Rh8 27. Rxh8 Nxh8 28. b4 Ng6 29. c5 bxc5 30. bxc5 Bc7 31. Bb5+ Ke7 32. a4 Nf8 33. Bd2 Ng6 34. a5 Kd8 35. c6 bxc6 36. Bxc6 Ne7 37. Bb7 Kd7 38. a6 Bb6 39. Be3 Nd5 40. Bxd5 exd5 41. g6 Kc6 42. Kh4 Kb5 43. Kg5 Kxa6 44. Kxf5 Kb5 45. Ke5 Kc4 46. f5 Kd3 47. Bg1 Bd8 48. Kxd5 e3 49. Ke6 Kxd4 50. Kf7 Bf6 51. Ke6 Kd3 52. Kd5 e2 53. Bf2 Kd2 54. Ke4 e1=Q+ 55. Bxe1+ Kxe1 56. Kd5 Ke2 57. Ke6 Kf3 58. Kf7 Kf4 59. Kg8 Kxf5 60. Kh7 Kg5 0-1


[Site "https://www.chess.com"]

[Event "Titled Tuesday Blitz July 11 Late 2023"]
[White "Nunez V, Gustavo Eduardo"]
[Black "Marchesich, Giovanni"]
[WhiteFideId "4403690"]
[BlackFideId "2824790"]
[WhiteElo "2443"]
[BlackElo "2283"]
[Result "1-0"]
[Round "8"]
[TimeControl "180+2"]
[Date "2023.07.11"]
[WhiteClock "0:01:49"]
[BlackClock "0:01:27"]
[Board "99"]

1. e4 e5 2. Nc3 Bc5 3. g3 d6 4. Bg2 f5 5. Nge2 Nf6 6. O-O Nc6 7. h3 O-O 8. Kh2 Bb6 9. d3 Be6 10. f4 exf4 11. Nxf4 Bd7 12. exf5 Bxf5 13. Ncd5 Nxd5 14. Bxd5+ Kh8 15. c3 Qd7 16. Qh5 Ne7 17. Bxb7 Rab8 18. Bg2 g6 19. Qh4 Ng8 20. g4 Be6 21. Nxg6+ Kg7 22. Nxf8 Rxf8 23. Qg5+ Kh8 24. Rxf8 d5 25. Qf6+ 1-0


[Site "https://www.chess.com"]